 Dungeon Crawl Stone Soup version 0.31-a0-1540-g5a0b83f448 (console) character file.

Game seed: 5439188310711635711

175934 jejorda2 the Cleaver (level 18, -3/217 HPs)
             Began as a Gnoll Berserker on Jan 1, 2024.
             Was a High Priest of Trog.
             Succumbed to a redback's poison
             ... on level 2 of the Spider Nest.
             The game lasted 01:34:17 (29058 turns).

jejorda2 the Cleaver (Gnoll Berserker)             Turns: 29058, Time: 01:34:18

Health: -3/217     AC: 26    Str: 29    XL:     18   Next: 11%
Magic:  34/34      EV: 14    Int:  6    God:    Trog [*****.]
Gold:   929        SH: 17    Dex: 12    Spells: 41/41 levels left

rFire   + . .        a - +0 broad axe (flame)
rCold   + . .        o - +5 Storm Queen's Shield {shock, Fly rElec}
rNeg    . . .        V - +4 chain mail {Will+}
rPois   .            A - +2 helmet
rElec   +            Q - scarf {rC+ rF+}
rCorr   +            F - +2 pair of gloves
SInv    +            u - +1 pair of boots "Mafy" {Fly Will+ rCorr Str-4}
Will    +++..        G - amulet of the acrobat Stlth
                     T - +6 ring of strength
HPRegen 0.56/turn    i - ring "Temif" {Str+5 Int-3 Slay+4 SInv}
MPRegen 0.24/turn

%: acrobat
@: berserking, lethally poisoned (-3 -> -32), flying, very quick
A: fangs 1, strong nose, distributed training
a: Renounce Religion, Berserk, Trog's Hand, Brothers in Arms


You were on level 2 of the Spider Nest.
You worshipped Trog.
Trog was extremely pleased with you.
You visited 4 branches of the dungeon, and saw 25 of its levels.
You also visited: Gauntlet, Ice Cave and Volcano.

You collected 3409 gold pieces.
You spent 2480 gold pieces at shops.

Inventory:

Hand Weapons
 a - a +0 broad axe of flaming (weapon)
 b - a +7 heavy demon whip
 w - the +10 dagger of Demand {flame, rPois Str-3 Int+8 Dex-2}
   (You found it on level 3 of the Lair of Beasts)

   Str-3:     It affects your strength (-3).
   Int+8:     It affects your intelligence (+8).
   Dex-2:     It affects your dexterity (-2).
   rPois:     It protects you from poison
 W - a +5 antimagic double sword
Missiles
 q - 18 poisoned darts (quivered)
 y - 6 throwing nets
 C - 2 silver javelins
 D - 7 boomerangs
 I - 6 curare-tipped darts
 J - 13 javelins
 N - 4 atropa-tipped darts
Armour
 o - the +5 Storm Queen's Shield (worn) {shock, Fly rElec}
   (You took it off an orc on level 3 of the Dungeon)

   Shock:     When it blocks an attack, it may electrocute the attacker.
   This works even against foes who are a short distance away.
   rElec:     It insulates you from electricity.
   Fly:       It grants you flight.
 u - the +1 pair of boots "Mafy" (worn) {Fly Will+ rCorr Str-4}
   (You acquired it on level 14 of the Dungeon)

   Str-4:     It affects your strength (-4).
   Will+:     It increases your willpower.
   Fly:       It grants you flight.
   rCorr:     It protects you from acid and corrosion.
 A - a +2 helmet (worn)
 F - a +2 pair of gloves (worn)
 Q - a scarf of resistance (worn)
 V - a +4 chain mail of willpower (worn)
Jewellery
 i - the ring "Temif" (right hand) {Str+5 Int-3 Slay+4 SInv}
   (You acquired it on level 7 of the Dungeon)

   [ring of slaying]

   Str+5:     It affects your strength (+5).
   Int-3:     It affects your intelligence (-3).
   Slay+4:    It affects your accuracy & damage with ranged weapons and melee
   (+4).
   SInv:      It lets you see invisible.
 G - an amulet of the acrobat (around neck)
 M - a ring of protection from cold
 T - a +6 ring of strength (left hand)
Wands
 c - a wand of digging (8)
 j - a wand of flame (45)
 r - a wand of polymorph (31)
 z - a wand of roots (7)
 K - a wand of mindburst (19)
 L - a wand of charming (22)
 R - a wand of acid (6)
Scrolls
 h - 7 scrolls of immolation
 m - a scroll of blinking
 n - a scroll of enchant armour
 t - 3 scrolls of fog
 B - 2 scrolls of silence
 E - 3 scrolls of poison
 P - 3 scrolls of revelation
 S - 16 scrolls of teleportation
Potions
 d - 9 potions of heal wounds
 e - 7 potions of ambrosia
 f - 3 potions of haste
 g - 13 potions of curing
 k - 3 potions of resistance
 l - 2 potions of cancellation
 p - 5 potions of enlightenment
 s - 9 potions of might
 x - 4 potions of invisibility
 H - 5 potions of mutation
 O - 2 potions of attraction


   Skills:
 + Level 13.7 Fighting
 + Level 12.2 Short Blades
 + Level 12.2 Long Blades
 + Level 13.7 Axes
 + Level 12.2 Maces & Flails
 + Level 12.2 Polearms
 + Level 12.2 Staves
 + Level 12.2 Ranged Weapons
 + Level 12.2 Throwing
 + Level 13.0 Armour
 + Level 13.0 Dodging
 + Level 12.2 Stealth
 + Level 12.2 Shields
 + Level 12.2 Unarmed Combat
 + Level 12.2 Spellcasting
 + Level 10.3 Conjurations
 + Level 10.3 Hexes
 + Level 10.3 Summonings
 + Level 10.3 Necromancy
 + Level 10.3 Translocations
 + Level 10.3 Fire Magic
 + Level 10.3 Ice Magic
 + Level 10.3 Air Magic
 + Level 10.3 Earth Magic
 + Level 10.3 Alchemy
 + Level 13.2 Invocations
 + Level 12.2 Evocations
 + Level 11.2 Shapeshifting


You had 41 spell levels left.
You didn't know any spells.
Your spell library was empty.

Dungeon Overview and Level Annotations

Branches:
Dungeon (15/15)            Temple (0/1) D:7            Lair (5/5) D:11
  Swamp (0/4) Lair:2       Spider (3/4) Lair:3        Slime (0/5) Lair:5
    Orc (2/2) D:9             Elf (0/3) Orc:2        Vaults (0/5) D:13
 Depths (0/4) D:15          IceCv (visited)         Volcano (visited)
Gauntlet (visited)

Altars:
Ashenzari
Fedhas
Hepliaklqana
Uskayaw
Jiyva

Shops:
D:5 =   D:7 ?   Orc:2 *[[*

Portals:
Trove: D:10 (give +3 shadow dragon scales)

Annotations:
D:14 exclusion: door
Lair:3 exclusion: 4 oklob plants
Spider:3 Nikola


Innate Abilities, Weirdness & Mutations

You have very sharp teeth.
Your uncanny sense of smell can sniff out nearby items.
Your experience applies equally to all skills.


Message History

You feel extremely sick.
The redback bites you but does no damage.
You block the broodmother's attack. You block the tarantella's attack.
Your shield discharges, shocking the tarantella!
The culicivora completely misses you. The wolf spider barely misses you. x2
You block the tarantella's attack.
Your shield discharges, shocking the tarantella!
The redback bites you but does no damage.
The broodmother bites you!!
* * * LOW HITPOINT WARNING * * *
You are too berserk!
You slice the broodmother!! You burn the broodmother!
The broodmother is moderately wounded.
You slash the redback! You burn the redback. You miss the tarantella.
You slice the tarantella!! You burn the tarantella.
You kill the tarantella!
The tarantella's corpse disappears in a puff of smoke!
You closely miss the tarantella. You miss the culicivora.
You slash the wolf spider! You burn the wolf spider.
* * * LOW HITPOINT WARNING * * *
You feel very sick. You block the culicivora's attack.
The wolf spider completely misses you. You block the wolf spider's attack.
The tarantella barely misses you. You block the tarantella's attack.
Your shield discharges, shocking the tarantella!
Unknown command.
Unknown command.
Unknown command.
Unknown command.
You slice the broodmother!! You burn the broodmother.
The broodmother is heavily wounded.
You slice the tarantella!! You burn the tarantella.
You kill the tarantella!
Trog accepts your kill.
You closely miss the tarantella. You miss the culicivora.
You slice the wolf spider!! You burn the wolf spider. You slash the redback!
You burn the redback.
You kill the redback!
Trog accepts your kill.
You die...

...##.......#
##........### #####
###......# ###...#
##....## ###.....##
##......####........#
##........##.........#
#.......#.##.........#
#.....^.#.##..s......#
#(......#.##^.s@†....#
##.....##.###.ss§...##
###.....##.# #.......#
...........# #.......#
.###......^###.....^##
..#########.##......#
....#### ##........#
.......## ##.#....##
##### ........#
##..#######...#


You could see a broodmother, a wolf spider (summoned), a culicivora (summoned)
and a tarantella (summoned).

Vanquished Creatures
  Arachne (Spider:2)
  Donald (Spider:1)
  4 emperor scorpions (Spider:2)
  A ghost moth (Spider:2)
  A broodmother (Spider:1)
  A reaper (IceCv)
  A minotaur (Gauntlet)
  Azrael (Orc:2)
  A spark wasp (Spider:2)
  A fire dragon (D:14)
  3 entropy weavers
  2 ettins
  Erolcha (Orc:2)
  A vault guard (D:13)
  A hell beast (Gauntlet)
  An ogre mage (D:15)
  8 hydras
  3 radroaches (Spider:2)
  2 centaur warriors
  4 two-headed ogres
  4 tengu warriors (D:15)
  5 boulder beetles
  The ghost of hgbash the Grappler, a novice TrFi of Hepliaklqana (D:8)
  15 death yaks
  A thrashing horror (Gauntlet)
  3 orc high priests (Orc:2)
  3 demonic crawlers (Spider:2)
  2 hell knights
  3 pharaoh ants
  Lodul (D:10)
  A salamander mystic (Volcano)
  2 orb spiders
  2 bog bodies (Lair:2)
  A sun moth (Spider:2)
  2 arcanists
  A steelbarb worm (Spider:1)
  A necromancer (D:15)
  4 orc knights (Orc:2)
  3 deep elf pyromancers
  6 ugly things (D:14)
  4 orc sorcerers (Orc:2)
  12 wolf spiders
  2 manticores (D:11)
  6 salamanders (Volcano)
  2 moths of wrath
  An elephant (Lair:3)
  5 black mambas
  6 kobold blastminers
  A black mamba (shapeshifter) (D:15)
  2 ice statues (IceCv)
  2 torpor snails (Spider:2)
  3 gargoyles
  15 cane toads
  4 rime drakes
  A kobold demonologist (D:10)
  14 komodo dragons
  2 efreet
  4 anaconda simulacra (IceCv)
  6 ice devils (IceCv)
  A tengu conjurer (D:15)
  A queen bee (Lair:3)
  7 polar bears
  9 trolls
  16 tarantellas
  3 hornets (Lair:5)
  18 blink frogs
  12 dream sheep (Lair:5)
  19 slime creatures
  A shadow (D:11)
  Sigmund (D:5)
  14 jumping spiders (Spider:2)
  14 culicivoras
  13 spriggans (Lair:5)
  8 wyverns
  2 dire elephant simulacra (IceCv)
  42 yaks
  A water elemental (D:15)
  4 fire bats (D:12)
  A hog (shapeshifter) (D:14)
  5 wargs
  A wraith (D:11)
  A death yak simulacrum (IceCv)
  6 basilisks
  3 steam dragons
  26 redbacks
  7 fire elementals
  17 vampire mosquitoes
  Edmund (D:6)
  Menkaure (D:6)
  2 small abominations (Gauntlet)
  A harpy simulacrum (IceCv)
  5 acid dragons
  3 hydra simulacra (IceCv)
  27 water moccasins
  4 hell hounds
  3 sky beasts
  13 orc warriors
  An ice beast (D:7)
  7 black bears
  30 wolves
  16 ogres
  4 boggarts (Lair:5)
  10 centaurs
  A phantom (D:7)
  5 kobold brigands
  Blork the orc (D:5)
  13 bullfrogs
  7 scorpions
  9 wights
  30 killer bees (Lair:3)
  A howler monkey (D:11)
  A bombardier beetle (D:5)
  5 quasits (D:8)
  3 jellies
  3 lava snakes
  6 hounds
  2 gnoll boudas
  17 orc priests
  2 sleepcaps
  19 orc wizards
  Ijyb (D:3)
  19 hell rats
  A spriggan simulacrum (IceCv)
  A polar bear simulacrum (IceCv)
  A wolf simulacrum (IceCv)
  23 gnolls
  9 adders
  A river rat (Lair:3)
  2 shadow imps (D:7)
  2 white imps
  2 dart slugs (D:1)
  57 orcs
  11 ball pythons
  7 endoplasms
  4 giant cockroaches
  5 goblins
  8 hobgoblins
  6 quokkas
  5 bats
  A frilled lizard (D:3)
  25 kobolds
  5 rats
894 creatures vanquished.

Vanquished Creatures (collateral kills)
  A death yak (Lair:2)
  Maurice (D:10)
  3 ogres (D:10)
  A wolf (Lair:2)
  A gnoll sergeant (D:10)
  A gnoll (D:10)
8 creatures vanquished.

Vanquished Creatures (others)
  2 killer bees (Lair:3)
  An orc (Orc:2)
3 creatures vanquished.

Grand Total: 905 creatures vanquished

Notes
Turn   | Place    | Note
-------+----------+-------------------------------------------
     0 | D:1      | jejorda2 the Gnoll Berserker began the quest for the Orb.
     0 | D:1      | Reached XP level 1. HP: 23/23 MP: 1/1
   220 | D:1      | Reached XP level 2. HP: 28/29 MP: 2/2
   625 | D:1      | You fall into a shaft and drop 1 floor!
   650 | D:2      | Reached XP level 3. HP: 35/35 MP: 3/3
   714 | D:2      | Found a hazy altar of Hepliaklqana.
  1281 | D:2      | Reached skill level 1 in Invocations
  1443 | D:2      | Reached skill level 1 in Short Blades
  1443 | D:2      | Reached skill level 1 in Long Blades
  1443 | D:2      | Reached skill level 1 in Maces & Flails
  1443 | D:2      | Reached skill level 1 in Polearms
  1443 | D:2      | Reached skill level 1 in Staves
  1443 | D:2      | Reached skill level 1 in Ranged Weapons
  1443 | D:2      | Reached skill level 1 in Throwing
  1443 | D:2      | Reached skill level 1 in Stealth
  1443 | D:2      | Reached skill level 1 in Shields
  1443 | D:2      | Reached skill level 1 in Unarmed Combat
  1443 | D:2      | Reached skill level 1 in Spellcasting
  1443 | D:2      | Reached skill level 1 in Evocations
  1970 | D:3      | Reached skill level 1 in Shapeshifting
  1970 | D:3      | Reached XP level 4. HP: 39/41 MP: 5/5
  1979 | D:3      | Reached ** piety under Trog
  2002 | D:3      | Found a hide-covered altar of Uskayaw.
  2161 | D:3      | Reached skill level 1 in Conjurations
  2161 | D:3      | Reached skill level 1 in Hexes
  2161 | D:3      | Reached skill level 1 in Summonings
  2161 | D:3      | Reached skill level 1 in Necromancy
  2161 | D:3      | Reached skill level 1 in Translocations
  2161 | D:3      | Reached skill level 1 in Fire Magic
  2161 | D:3      | Reached skill level 1 in Ice Magic
  2161 | D:3      | Reached skill level 1 in Air Magic
  2161 | D:3      | Reached skill level 1 in Earth Magic
  2161 | D:3      | Reached skill level 1 in Alchemy
  2183 | D:3      | Reached XP level 5. HP: 35/47 MP: 5/7
  2887 | D:3      | Noticed Ijyb
  2945 | D:3      | Killed Ijyb
  3059 | D:4      | Identified the +7 whip "Death Rattle" {flame, *Corrode Fly
                  | rPois MP+9 Dex+4}
  3304 | D:4      | Reached XP level 6. HP: 45/53 MP: 8/8
  3356 | D:4      | Found a broken altar of Ashenzari.
  3393 | D:4      | Reached skill level 5 in Armour
  3393 | D:4      | Reached skill level 5 in Dodging
  3665 | D:4      | Reached XP level 7. HP: 59/59 MP: 10/10
  3992 | D:5      | Entered Level 5 of the Dungeon
  3992 | D:5      | Noticed Blork the orc
  3997 | D:5      | Killed Blork the orc
  4088 | D:5      | Noticed Sigmund
  4098 | D:5      | Killed Sigmund
  4099 | D:5      | Reached XP level 8. HP: 64/67 MP: 12/12
  4313 | D:5      | Reached *** piety under Trog
  4372 | D:5      | Found Zimpoki's Jewellery Shoppe.
  4381 | D:5      | Bought an amulet of the acrobat for 390 gold pieces
  4946 | D:6      | Noticed Menkaure
  4946 | D:6      | Noticed Edmund
  4955 | D:6      | Killed Menkaure
  4965 | D:6      | Reached XP level 9. HP: 69/73 MP: 14/14
  4972 | D:6      | Killed Edmund
  5537 | D:7      | Found Latzo's Magic Scroll Boutique.
  5579 | D:7      | Bought a scroll of identify for 26 gold pieces
  5606 | D:7      | Identified a scroll of acquirement
  5606 | D:7      | Acquired the ring "Temif" {Str+5 Int-3 Slay+4 SInv}
  5873 | D:7      | Reached skill level 5 in Invocations
  5890 | D:7      | Found a staircase to the Ecumenical Temple.
  6294 | D:7      | Reached skill level 5 in Short Blades
  6294 | D:7      | Reached skill level 5 in Long Blades
  6294 | D:7      | Reached skill level 5 in Maces & Flails
  6294 | D:7      | Reached skill level 5 in Polearms
  6294 | D:7      | Reached skill level 5 in Staves
  6294 | D:7      | Reached skill level 5 in Ranged Weapons
  6294 | D:7      | Reached skill level 5 in Throwing
  6294 | D:7      | Reached skill level 5 in Stealth
  6294 | D:7      | Reached skill level 5 in Shields
  6294 | D:7      | Reached skill level 5 in Unarmed Combat
  6294 | D:7      | Reached skill level 5 in Spellcasting
  6294 | D:7      | Reached skill level 5 in Evocations
  6294 | D:7      | Reached XP level 10. HP: 46/81 MP: 17/17
  6707 | D:7      | Reached **** piety under Trog
  7151 | D:8      | Found a transporter.
  7300 | D:8      | Noticed hgbash's ghost (novice TrFi)
  7977 | D:8      | Identified the +1 pair of gloves of the Ward {*Corrode rC+
                  | Int+4}
  8137 | D:8      | Found a transporter.
  8232 | D:8      | Killed hgbash's ghost
  8233 | D:8      | Reached skill level 5 in Shapeshifting
  8278 | D:8      | Identified the ring of the Hart {rF- rC++ rN+ rCorr Dex+6}
  8763 | D:9      | Found a staircase to the Orcish Mines.
  8912 | D:9      | Reached skill level 5 in Conjurations
  8912 | D:9      | Reached skill level 5 in Hexes
  8912 | D:9      | Reached skill level 5 in Summonings
  8912 | D:9      | Reached skill level 5 in Necromancy
  8912 | D:9      | Reached skill level 5 in Translocations
  8912 | D:9      | Reached skill level 5 in Fire Magic
  8912 | D:9      | Reached skill level 5 in Ice Magic
  8912 | D:9      | Reached skill level 5 in Air Magic
  8912 | D:9      | Reached skill level 5 in Earth Magic
  8912 | D:9      | Reached skill level 5 in Alchemy
  8913 | D:9      | Reached XP level 11. HP: 84/89 MP: 20/20
  9340 | D:10     | Entered Level 10 of the Dungeon
  9466 | D:10     | Noticed a two-headed ogre
  9496 | D:10     | Killed a two-headed ogre
  9554 | D:10     | Found a portal to a secret trove of treasure.
  9786 | D:10     | Noticed Lodul
  9789 | D:10     | Noticed Maurice
  9794 | D:10     | Killed Lodul
  9799 | D:10     | Killed Maurice
  9938 | D:11     | Noticed a manticore
  9982 | D:11     | Killed a manticore
  9989 | D:11     | Noticed a two-headed ogre
 10004 | D:11     | Killed a two-headed ogre
 10006 | D:11     | Reached ***** piety under Trog
 10017 | D:11     | Found a staircase to the Lair.
 10081 | D:11     | Noticed a manticore
 10099 | D:11     | Killed a manticore
 10337 | D:11     | Reached XP level 12. HP: 97/97 MP: 22/22
 10363 | D:11     | Noticed a two-headed ogre
 10370 | D:11     | Killed a two-headed ogre
 10574 | Lair:1   | Entered Level 1 of the Lair of Beasts
 10613 | Lair:1   | Found a dark tunnel.
 10625 | Volcano  | Entered a volcano
 10838 | Volcano  | Found a bloodstained altar of Trog.
 10840 | Volcano  | Noticed a hell knight
 10931 | Volcano  | Reached skill level 10 in Fighting
 10931 | Volcano  | Reached skill level 10 in Axes
 11053 | Volcano  | Killed a hell knight
 12289 | Lair:2   | Noticed a death yak
 12289 | Lair:2   | Noticed a death yak
 12289 | Lair:2   | Noticed a death yak
 12289 | Lair:2   | Noticed a death yak
 12293 | Lair:2   | Noticed a death yak
 12293 | Lair:2   | Noticed a death yak
 12293 | Lair:2   | Noticed a death yak
 12294 | Lair:2   | Noticed a death yak
 12295 | Lair:2   | Killed a death yak
 12298 | Lair:2   | Noticed a death yak
 12299 | Lair:2   | Noticed a death yak
 12302 | Lair:2   | Killed a death yak
 12306 | Lair:2   | Killed a death yak
 12307 | Lair:2   | Reached XP level 13. HP: 104/104 MP: 25/25
 12341 | Lair:2   | Found a frozen archway.
 12373 | IceCv    | Entered an ice cave
 12949 | IceCv    | Noticed a reaper
 12960 | IceCv    | Killed a reaper
 13299 | Lair:2   | Found a staircase to the Swamp.
 13348 | Lair:2   | Reached skill level 10 in Armour
 13348 | Lair:2   | Reached skill level 10 in Dodging
 13749 | Lair:2   | Reached XP level 14. HP: 113/113 MP: 27/27
 13754 | Lair:2   | Reached skill level 10 in Invocations
 14372 | Lair:3   | Identified the +10 dagger of Demand {flame, rPois Str-3
                  | Int+8 Dex-2}
 14659 | Lair:3   | Found a hole to the Spider Nest.
 14744 | Lair:3   | Received a gift from Trog
 16164 | Lair:4   | Received a gift from Trog
 16238 | Lair:4   | Identified the +7 leather armour of Impatience {Dex+2}
 16873 | Lair:5   | Entered Level 5 of the Lair of Beasts
 17072 | Lair:5   | Reached skill level 10 in Short Blades
 17072 | Lair:5   | Reached skill level 10 in Long Blades
 17072 | Lair:5   | Reached skill level 10 in Maces & Flails
 17072 | Lair:5   | Reached skill level 10 in Polearms
 17072 | Lair:5   | Reached skill level 10 in Staves
 17072 | Lair:5   | Reached skill level 10 in Ranged Weapons
 17072 | Lair:5   | Reached skill level 10 in Throwing
 17072 | Lair:5   | Reached skill level 10 in Stealth
 17072 | Lair:5   | Reached skill level 10 in Shields
 17072 | Lair:5   | Reached skill level 10 in Unarmed Combat
 17072 | Lair:5   | Reached skill level 10 in Spellcasting
 17072 | Lair:5   | Reached skill level 10 in Evocations
 17308 | Lair:5   | Reached XP level 15. HP: 112/120 MP: 29/29
 17898 | Lair:5   | Reached XP level 16. HP: 127/127 MP: 30/30
 17969 | Lair:5   | Received a gift from Trog
 18136 | Lair:5   | Found a viscous altar of Jiyva.
 18137 | Lair:5   | Found a staircase to the Slime Pits.
 20049 | D:13     | Found a gate to the Vaults.
 20358 | D:13     | Identified the +8 falchion of Gallantry {drain, rC+ MP+9
                  | Str+3}
 20446 | D:13     | Reached skill level 10 in Shapeshifting
 20619 | D:13     | Found a blossoming altar of Fedhas.
 20627 | D:13     | Reached ****** piety under Trog
 20765 | D:14     | Found a gate leading to a gauntlet.
 20780 | Gauntlet | Entered a Gauntlet
 20780 | Gauntlet | Found a transporter.
 20780 | Gauntlet | Found a transporter.
 20796 | Gauntlet | Found a transporter.
 20799 | Gauntlet | Found a transporter.
 20799 | Gauntlet | Found a transporter.
 20817 | Gauntlet | Found a transporter.
 20822 | Gauntlet | Found a transporter.
 20837 | Gauntlet | Found a transporter.
 20860 | Gauntlet | Found a transporter.
 20887 | Gauntlet | Found a transporter.
 20905 | Gauntlet | Found a transporter.
 20957 | Gauntlet | Found a transporter.
 21017 | Gauntlet | Identified the ring "Plog" {Fire rN+}
 21143 | Gauntlet | Identified the +1 leather armour "Qaloc" {Harm Dex+2 SInv
                  | Stlth+}
 21590 | D:14     | Found a hide-covered altar of Uskayaw.
 22121 | D:15     | Entered Level 15 of the Dungeon
 22273 | D:14     | Acquired the +1 pair of boots "Mafy" {Fly Will+ rCorr
                  | Str-4}
 22346 | D:15     | Received a gift from Trog
 22382 | D:15     | Reached XP level 17. HP: 118/135 MP: 32/32
 22465 | D:15     | Found a staircase to the Depths.
 22931 | Orc:1    | Entered Level 1 of the Orcish Mines
 23090 | Orc:2    | Entered Level 2 of the Orcish Mines
 23136 | Orc:2    | Noticed Azrael
 23161 | Orc:2    | Killed Azrael
 23662 | Orc:2    | Found a staircase to the Elven Halls.
 24438 | Orc:2    | Noticed Erolcha
 24445 | Orc:2    | Killed Erolcha
 24664 | Orc:2    | Received a gift from Trog
 24871 | Orc:2    | Found Jihugy's General Store.
 24871 | Orc:2    | Found Eseub's Assorted Antiques.
 24873 | Orc:2    | Found Plog's Armour Shop.
 24873 | Orc:2    | Found Zosah's Antique Armour Shop.
 24972 | Orc:2    | Bought a glowing plate armour for 624 gold pieces
 24972 | Orc:2    | Bought quicksilver dragon scales for 1440 gold pieces
 25148 | Spider:1 | Entered Level 1 of the Spider Nest
 25864 | Spider:1 | Noticed Donald
 25874 | Spider:1 | Killed Donald
 26607 | Spider:2 | Reached skill level 10 in Conjurations
 26607 | Spider:2 | Reached skill level 10 in Hexes
 26607 | Spider:2 | Reached skill level 10 in Summonings
 26607 | Spider:2 | Reached skill level 10 in Necromancy
 26607 | Spider:2 | Reached skill level 10 in Translocations
 26607 | Spider:2 | Reached skill level 10 in Fire Magic
 26607 | Spider:2 | Reached skill level 10 in Ice Magic
 26607 | Spider:2 | Reached skill level 10 in Air Magic
 26607 | Spider:2 | Reached skill level 10 in Earth Magic
 26607 | Spider:2 | Reached skill level 10 in Alchemy
 26802 | Spider:2 | Received a gift from Trog
 28234 | Spider:3 | Noticed Nikola
 28248 | Spider:2 | Reached XP level 18. HP: 126/144 MP: 34/34
 28290 | Spider:3 | Noticed Arachne
 28438 | Spider:2 | Killed Arachne
 29056 | Spider:2 | HP: 5/217 [broodmother (27)]
 29057 | Spider:2 | HP: 1/217 [poisoned by a redback]
 29058 | Spider:2 | Succumbed to a redback's poison

Illustrated notes

Levels and vault maps discovered:
D:1:      dpeg_arrival_tiny_h, layout_loops_corners, minmay_unequal
D:2:      layout_basic, basic_altar, minmay_gold_behind_fungi
D:3:      minmay_bubble_buster, layout_loops_ring, lemuel_doored_altar,
          chequers_serial_rivers_small_a, kennysheep_nub,
          chequers_hall_statues_corner_a, dk_noncrumbling_4,
          kennysheep_generic_room_4, uniq_ijyb
D:4:      layout_loops_ring, ashenzari_conservatory_becter
D:5:      layout_basic, serial_shops, nicolae_stop_n_shop_2, uniq_sigmund,
          uniq_blork_the_orc
D:6:      layout_loops_ring, uniq_edmund, uniq_menkaure
D:7:      minmay_skewed_foursquare, layout_cave_pods,
          minmay_temple_entry_water_ring, serial_shops, shop
D:8:      layout_layer_cave, gammafunk_ghost_stat_death,
          serial_library_hellmonk_angled_corner,
          minmay_fractal_squares_gapless_5
D:9:      layout_loops_corners, minmay_orc_entry_guard_dogs
D:10:     layout_roguey, enter_trove_0, uniq_maurice, uniq_lodul
D:11:     layout_basic, erik_lair_orcish_takeover
D:12:     layout_irregular_city, hangedman_incinerator
D:13:     layout_irregular_city, david_vaults_5, fedhas_altar_fruit_tree
D:14:     layout_basic, nicolae_uskayaw_en_pointe, gauntlet_entry_generic,
          kennysheep_minor_cross
D:15:     hangedman_depths_entry_civil_slaughter, layout_rooms,
          nicolae_concentric_dashed_squares_mild, nicolae_water_bricks
Lair:1:   layout_regular_city, nicolae_volcano_entry_s_turn, grunt_megastairs_3,
          serial_bayou_shore_b
Lair:2:   layout_hall_layers, skrybe_swamp_entry_bodies, portal_ice_cave_rime,
          serial_bayou_lagoon_a
Lair:3:   hangedman_what_comes_after_a, layout_long_grid,
          nicolae_spider_entry_non_spiders, nicolae_quartered_pool_super
Lair:4:   layout_layer_cave, minivault_25, wad_woods_river_03,
          beast_lair_carwin_6, lemuel_fruit_tree
Lair:5:   minmay_lair_end_enchanted_forest, layout_concentric_octagons,
          slime_entry_1, chequers_serial_rivers_micro_b
Spider:1: layout_cave_pods, uniq_donald
Spider:2: layout_cave_pods, hellmonk_test_site
Spider:3: layout_spider_delve, uniq_mara, uniq_nikola, uniq_arachne
Orc:1:    layout_diamond_mine, basic_altar
Orc:2:    st_orc_elflike, layout_caves, uniq_erolcha, uniq_azrael

Skill      XL: |  1  2  3  4  5  6  7  8  9 10 11 12 13 14 15 16 17 18 |
---------------+-------------------------------------------------------+-----
Invocations    | 1 2 3 4 5 6 7 8 9 10 11 12 13 | 13.2
Short Blades   | 1 2 3 5 6 7 8 9 10 11 12 | 12.2
Long Blades    | 1 2 3 5 6 7 8 9 10 11 12 | 12.2
Maces & Flails | 1 2 3 5 6 7 8 9 10 11 12 | 12.2
Polearms       | 1 2 3 5 6 7 8 9 10 11 12 | 12.2
Staves         | 1 2 3 5 6 7 8 9 10 11 12 | 12.2
Ranged Weapons | 1 2 3 5 6 7 8 9 10 11 12 | 12.2
Throwing       | 1 2 3 5 6 7 8 9 10 11 12 | 12.2
Stealth        | 1 2 3 5 6 7 8 9 10 11 12 | 12.2
Shields        | 1 2 3 5 6 7 8 9 10 11 12 | 12.2
Unarmed Combat | 1 2 3 5 6 7 8 9 10 11 12 | 12.2
Spellcasting   | 1 2 3 5 6 7 8 9 10 11 12 | 12.2
Evocations     | 1 2 3 5 6 7 8 9 10 11 12 | 12.2
Shapeshifting  | 1 2 3 4 5 6 7 8 9 10 11 | 11.2
Conjurations   | 1 2 3 4 5 6 7 8 9 10 | 10.3
Hexes          | 1 2 3 4 5 6 7 8 9 10 | 10.3
Summonings     | 1 2 3 4 5 6 7 8 9 10 | 10.3
Necromancy     | 1 2 3 4 5 6 7 8 9 10 | 10.3
Translocations | 1 2 3 4 5 6 7 8 9 10 | 10.3
Fire Magic     | 1 2 3 4 5 6 7 8 9 10 | 10.3
Ice Magic      | 1 2 3 4 5 6 7 8 9 10 | 10.3
Air Magic      | 1 2 3 4 5 6 7 8 9 10 | 10.3
Earth Magic    | 1 2 3 4 5 6 7 8 9 10 | 10.3
Alchemy        | 1 2 3 4 5 6 7 8 9 10 | 10.3
Armour         | 5 6 7 8 9 10 11 12 13 | 13.0
Dodging        | 5 6 7 8 9 10 11 12 13 | 13.0
Fighting       | 7 8 9 10 11 12 13 | 13.7
Axes           | 7 8 9 10 11 12 13 | 13.7

Action                     |  1- 3 |  4- 6 |  7- 9 | 10-12 | 13-15 | 16-18 || total
---------------------------+-------+-------+-------+-------+-------+-------++-------
  Melee: Hand axe          |    11 |       |       |       |       |       ||    11
         War axe           |    75 |    62 |    13 |    25 |    22 |     5 ||   202
         Bite              |     5 |     8 |    14 |    48 |   102 |   122 ||   299
         Punch             |     1 |       |       |       |       |       ||     1
         Whip              |       |    57 |   122 |   345 |   285 |       ||   809
         Unarmed           |       |     5 |       |       |       |       ||     5
         Demon whip        |       |       |       |       |   317 |   727 ||  1044
         Dagger            |       |       |       |       |    90 |       ||    90
         Broad axe         |       |       |       |       |       |    73 ||    73
         Double sword      |       |       |       |       |       |    15 ||    15
  Throw: Dart              |       |       |     2 |     4 |   125 |    38 ||   169
         Throwing net      |       |       |     1 |       |       |       ||     1
         Boomerang         |       |       |       |     4 |    27 |     2 ||    33
         Javelin           |       |       |       |       |     2 |     3 ||     5
 Invoke: Trog's Hand       |       |     3 |     2 |     6 |     1 |     4 ||    16
         Berserk           |       |     3 |     3 |     9 |     7 |     9 ||    31
         Brothers in Arms  |       |       |       |     3 |       |       ||     3
  Evoke: Wand              |       |       |       |     6 |     6 |     1 ||    13
    Use: Scroll            |       |       |    19 |    11 |     8 |     8 ||    46
         Potion            |       |       |       |     2 |     1 |     1 ||     4
   Stab: Sleeping          |       |       |       |       |       |     5 ||     5
         Distracted        |       |       |       |       |       |     1 ||     1
 Armour: Animal skin       |    19 |       |       |       |       |       ||    19
         Scale mail        |    28 |     1 |       |       |       |       ||    29
         Chain mail        |       |    62 |    14 |    22 |   228 |   422 ||   748
         Skin              |       |     1 |       |       |       |       ||     1
         Plate armour      |       |       |    43 |   131 |       |    18 ||   192
         Quicksilver drago |       |       |       |       |       |    17 ||    17
  Dodge: Dodged            |    46 |    44 |    28 |   101 |   208 |   350 ||   777
  Block: Kite shield       |       |    46 |   117 |   251 |   437 |   720 ||  1571

Table legend: (Time is in decaauts)
 A = Elapsed time spent in this place.
 B = Non-inter-level travel time spent in this place.
 C = Inter-level travel time spent in this place.
 D = Time resting spent in this place.
 E = Time spent auto-exploring this place.
 F = Levels seen in this place.
 G = Mean time per level.
                   A        B        C        D        E       F      G
               +--------+--------+--------+--------+--------+-----+--------+
         Total |  29078 |  26938 |   2140 |   1815 |  19632 |  28 | 1038.5 |
       Dungeon |  14506 |  13252 |   1254 |    509 |  10436 |  15 |  967.1 |
          Lair |   6982 |   6393 |    589 |    461 |   4352 |   5 | 1396.4 |
   Spider Nest |   3903 |   3779 |    124 |    358 |   2726 |   3 | 1301.0 |
  Orcish Mines |   1717 |   1546 |    171 |     32 |   1163 |   2 |  858.5 |
      Ice Cave |    750 |    750 |      0 |    239 |    311 |   1 |  750.0 |
       Volcano |    743 |    743 |      0 |    215 |    287 |   1 |  743.0 |
      Gauntlet |    474 |    474 |      0 |      0 |    356 |   1 |  474.0 |
               +--------+--------+--------+--------+--------+-----+--------+

Top non-repeatable levels by time:
Spider:2: 2329 daAuts
  Lair:5: 1906 daAuts
Spider:1: 1536 daAuts
  Lair:3: 1364 daAuts
  Lair:4: 1355 daAuts
     D:7: 1336 daAuts
  Lair:2: 1310 daAuts
     D:8: 1279 daAuts
     D:3: 1183 daAuts
     D:1: 1156 daAuts
     D:9: 1118 daAuts
  Lair:1: 1045 daAuts
    D:13: 1022 daAuts
    D:14: 999 daAuts
     D:4: 960 daAuts
